TOP OF THE 1ST |
Springfield Cardinals batting - Pitching for Mississippi Braves : RHP Ryan DeMille
|
Pitching: RHP Ryan DeMille
|
|
Batting: RHB Fortunato Fteira
|
0-0: Ball 1-0: Ball 2-0: Foul Ball, location: 2F 2-1: Ball 3-1: Called Strike 3-2: Foul Ball, location: 2F 3-2: Strikes out swinging
|
Batting: SHB Josh Schultze
|
0-0: Ball 1-0: Ball 2-0: Ball 3-0: Called Strike 3-1: Foul Ball, location: 2F 3-2: Fly out, F8 (Flyball, 78M, EV 76.2 MPH)
|
Batting: RHB Jeff Brower
|
0-0: Called Strike 0-1: Ground out 5-3 (Groundball, 56, EV 109.4 MPH)
|
Top of the 1st over - 0 runs, 0 hits, 0 errors, 0 left on base; Springfield 0 - Mississippi 0 |
BOTTOM OF THE 1ST |
Mississippi Braves batting - Pitching for Springfield Cardinals : RHP Danny Cook
|
Pitching: RHP Danny Cook
|
|
Batting: RHB Luis Restrepo
|
0-0: Called Strike 0-1: SINGLE (Line Drive, 56, EV 106.2 MPH)
|
Batting: RHB Zheng-ze King
|
0-0: Ball 1-0: SINGLE (Flyball, 89S, EV 93.1 MPH) Luis Restrepo to second
|
Batting: LHB Art D'Ascenzo
|
0-0: Ball 1-0: Called Strike 1-1: Ball 2-1: Swinging Strike 2-2: Ball 3-2: 3-RUN HOME RUN (Flyball, 9D, EV 97.5 MPH), Distance : 381 ft
|
Batting: LHB Sal Fernandez
|
0-0: Ball 1-0: Ball 2-0: Called Strike 2-1: Ball 3-1: Base on Balls
|
Batting: RHB Justin Reich
|
0-0: Ball 1-0: Fielders Choice at 2nd, 5-4 (Groundball, 5S, EV 86.2 MPH)
|
Batting: SHB Jose Melendez
|
0-0: Ball 1-0: Called Strike 1-1: Ball 2-1: Called Strike 2-2: Fly out, F8 (Flyball, 8RM, EV 99.4 MPH)
|
Batting: RHB Hieronim Rutkowski
|
0-0: Ball 1-0: DOUBLE (Line Drive, 78D, EV 101.9 MPH) Justin Reich to third Runner from 3rd tries for Home, SAFE, no throw by CF
|
Batting: LHB Luis Cruz
|
0-0: Ball 1-0: Foul Ball, location: 2F 1-1: Fly out, F7 (Flyball, 7S, EV 84.4 MPH)
|
Bottom of the 1st over - 4 runs, 4 hits, 0 errors, 1 left on base; Springfield 0 - Mississippi 4 |
TOP OF THE 2ND |
Springfield Cardinals batting - Pitching for Mississippi Braves : RHP Ryan DeMille
|
Batting: RHB Andres Mendiola
|
0-0: Called Strike 0-1: Ground out 5-3 (Groundball, 56, EV 108.1 MPH)
|
Batting: RHB Tyler Walker
|
0-0: Ball 1-0: Called Strike 1-1: Foul Ball, location: 2F 1-2: Strikes out swinging
|
Batting: RHB Tommy Boudreaux
|
0-0: Swinging Strike 0-1: Foul Ball, location: 2F 0-2: SINGLE (Line Drive, 9S, EV 106.2 MPH)
|
Batting: RHB Davey Beeson
|
0-0: Foul Ball, location: 2F 0-1: Called Strike 0-2: Strikes out looking
|
Top of the 2nd over - 0 runs, 1 hit, 0 errors, 1 left on base; Springfield 0 - Mississippi 4 |
BOTTOM OF THE 2ND |
Mississippi Braves batting - Pitching for Springfield Cardinals : RHP Danny Cook
|
Batting: RHB Alex Velasquez
|
0-0: Ball 1-0: Swinging Strike 1-1: Fly out, F9 (Flyball, 89M, EV 76.9 MPH)
|
Batting: RHB Luis Restrepo
|
0-0: Ground out 5-3 (Groundball, 56, EV 81.9 MPH)
|
Batting: RHB Zheng-ze King
|
0-0: Fly out, F8 (Flyball, 8LM, EV 91.9 MPH)
|
Bottom of the 2nd over - 0 runs, 0 hits, 0 errors, 0 left on base; Springfield 0 - Mississippi 4 |
TOP OF THE 3RD |
Springfield Cardinals batting - Pitching for Mississippi Braves : RHP Ryan DeMille
|
Batting: RHB Immel Kamuzu
|
0-0: Ball 1-0: Foul Ball, location: 2F 1-1: Ball 2-1: Swinging Strike 2-2: Foul Ball, location: 2F 2-2: Ball 3-2: Foul Ball, location: 2F 3-2: Foul Ball, location: 2F 3-2: Fly out, F4 (Popup, 4S, EV 59.4 MPH)
|
Batting: RHB Austin Akers
|
0-0: Ball 1-0: Called Strike 1-1: Called Strike 1-2: SINGLE (Line Drive, 9LS, EV 111.9 MPH)
|
Batting: RHB Fortunato Fteira
|
0-0: Called Strike Austin Akers is caught stealing 2nd base 2-4 0-1: Ball 1-1: Fly out, F9 (Flyball, 9D, EV 89.4 MPH)
|
Top of the 3rd over - 0 runs, 1 hit, 0 errors, 0 left on base; Springfield 0 - Mississippi 4 |
BOTTOM OF THE 3RD |
Mississippi Braves batting - Pitching for Springfield Cardinals : RHP Danny Cook
|
Batting: LHB Art D'Ascenzo
|
0-0: Ball 1-0: Ball 2-0: Ball 3-0: Base on Balls
|
Batting: LHB Sal Fernandez
|
0-0: Ball 1-0: Called Strike 1-1: Called Strike 1-2: Foul Ball, location: 2F 1-2: Ball 2-2: Strikes out looking
|
Batting: RHB Justin Reich
|
0-0: Foul Ball, location: 2F 0-1: Ball 1-1: Ball 2-1: Swinging Strike 2-2: Ball 3-2: Foul Ball, location: 2F 3-2: Foul Ball, location: 2F 3-2: Strikes out swinging
|
Batting: SHB Jose Melendez
|
0-0: Ball 1-0: Ground out 4-3 (Groundball, 4D, EV 99.4 MPH)
|
Bottom of the 3rd over - 0 runs, 0 hits, 0 errors, 1 left on base; Springfield 0 - Mississippi 4 |
TOP OF THE 4TH |
Springfield Cardinals batting - Pitching for Mississippi Braves : RHP Ryan DeMille
|
Batting: SHB Josh Schultze
|
0-0: Foul Ball, location: 2F 0-1: Fly out, F4 (Popup, 23, EV 84.4 MPH)
|
Batting: RHB Jeff Brower
|
0-0: Called Strike 0-1: Ball 1-1: DOUBLE (Flyball, 8LXD, EV 106.9 MPH)
|
Batting: RHB Andres Mendiola
|
0-0: Ball 1-0: Foul Ball, location: 2F 1-1: Fly out, F3 (Popup, 34, EV 62.5 MPH)
|
Batting: RHB Tyler Walker
|
0-0: Ball 1-0: Called Strike 1-1: Fly out, F7 (Flyball, 7LSF, EV 82.5 MPH)
|
Top of the 4th over - 0 runs, 1 hit, 0 errors, 1 left on base; Springfield 0 - Mississippi 4 |
BOTTOM OF THE 4TH |
Mississippi Braves batting - Pitching for Springfield Cardinals : RHP Danny Cook
|
Batting: RHB Hieronim Rutkowski
|
0-0: SINGLE (Groundball, 6MD, EV 106.2 MPH)
|
Batting: LHB Luis Cruz
|
0-0: Swinging Strike 0-1: Called Strike 0-2: Ball 1-2: SINGLE (Groundball, 4D, EV 97.5 MPH) Hieronim Rutkowski to second Runner from 2nd tries for 3rd, SAFE, throw by CF made to third
|
Batting: RHB Alex Velasquez
|
0-0: Ball 1-0: Called Strike 1-1: Grounds into double play, 5-4-3 (Groundball, 5S, EV 81.2 MPH) Hieronim Rutkowski scores
|
Batting: RHB Luis Restrepo
|
0-0: Ball 1-0: Ball 2-0: Ball 3-0: Base on Balls
|
Batting: RHB Zheng-ze King
|
0-0: Called Strike Luis Restrepo is caught stealing 2nd base 2-4
|
Bottom of the 4th over - 1 run, 2 hits, 0 errors, 0 left on base; Springfield 0 - Mississippi 5 |
TOP OF THE 5TH |
Springfield Cardinals batting - Pitching for Mississippi Braves : RHP Ryan DeMille
|
Batting: RHB Tommy Boudreaux
|
0-0: Called Strike 0-1: Called Strike 0-2: Strikes out swinging
|
Batting: RHB Davey Beeson
|
0-0: Fly out, F5 (Popup, 5SF, EV 72.5 MPH)
|
Batting: RHB Immel Kamuzu
|
0-0: Ball 1-0: Ball 2-0: Called Strike 2-1: Foul Ball, location: 2F 2-2: Foul Ball, location: 2F 2-2: Ball 3-2: Base on Balls
|
Batting: RHB Austin Akers
|
0-0: DOUBLE (Line Drive, 7LM, EV 93.8 MPH) Immel Kamuzu to third
|
Batting: RHB Fortunato Fteira
|
0-0: Ball 1-0: Ground out 6-3 (Groundball, 6, EV 85.0 MPH)
|
Top of the 5th over - 0 runs, 1 hit, 0 errors, 2 left on base; Springfield 0 - Mississippi 5 |
BOTTOM OF THE 5TH |
Mississippi Braves batting - Pitching for Springfield Cardinals : RHP Danny Cook
|
Batting: RHB Zheng-ze King
|
0-0: Swinging Strike 0-1: Ball 1-1: Ball 2-1: Ball 3-1: Base on Balls
|
Batting: LHB Art D'Ascenzo
|
0-0: Ball Zheng-ze King steals 2nd base 1-0: Intentional Walk
|
Batting: LHB Sal Fernandez
|
0-0: Ball 1-0: Fly out, F7 (Line Drive, 7S, EV 110.0 MPH)
|
Batting: RHB Justin Reich
|
0-0: Swinging Strike 0-1: Ball 1-1: Foul Ball, location: 2F 1-2: Ball 2-2: Foul Ball, location: 2F 2-2: Ball 3-2: Foul Ball, location: 2F 3-2: DOUBLE (Flyball, 89D, EV 95.6 MPH) Zheng-ze King scores Art D'Ascenzo to third Runner from 3rd tries for Home, throw by CF and OUT! 8-4-2 Justin Reich to third
|
Pitching: RHP Jim Kincaid
|
|
Batting: SHB Jose Melendez
|
0-0: Ground out 4-3 (Groundball, 34, EV 86.9 MPH)
|
Bottom of the 5th over - 1 run, 1 hit, 0 errors, 1 left on base; Springfield 0 - Mississippi 6 |
TOP OF THE 6TH |
Springfield Cardinals batting - Pitching for Mississippi Braves : RHP Ryan DeMille
|
Batting: SHB Josh Schultze
|
0-0: Ball 1-0: Ball 2-0: Ball 3-0: Called Strike 3-1: Called Strike 3-2: SINGLE (Flyball, 89S, EV 98.1 MPH)
|
Batting: RHB Jeff Brower
|
0-0: Called Strike 0-1: Called Strike 0-2: Ball 1-2: Fly out, F7 (Line Drive, 7S, EV 93.8 MPH)
|
Batting: RHB Andres Mendiola
|
0-0: Ball 1-0: Foul Ball, location: 2F 1-1: SINGLE (Groundball, 4MD, EV 86.2 MPH) (infield hit) Josh Schultze to second
|
Batting: RHB Tyler Walker
|
0-0: Foul Ball, location: 2F 0-1: Swinging Strike 0-2: Ball 1-2: Foul Ball, location: 2F 1-2: Ball 2-2: Ball 3-2: 3-RUN HOME RUN (Flyball, 9LD, EV 95.6 MPH), Distance : 365 ft
|
Batting: RHB Tommy Boudreaux
|
0-0: Called Strike 0-1: Foul Ball, location: 2F 0-2: Ball 1-2: Ball 2-2: Foul Ball, location: 2F 2-2: Foul Ball, location: 2F 2-2: Fly out, F6 (Flyball, 56D, EV 91.9 MPH)
|
Pitching: RHP Carlos Esquivel
|
|
Batting: RHB Davey Beeson
|
0-0: Ball 1-0: Foul Ball, location: 2F 1-1: Ball 2-1: Ball 3-1: Called Strike 3-2: Ground out 5-3 (Groundball, 56S, EV 79.4 MPH)
|
Top of the 6th over - 3 runs, 3 hits, 0 errors, 0 left on base; Springfield 3 - Mississippi 6 |
BOTTOM OF THE 6TH |
Mississippi Braves batting - Pitching for Springfield Cardinals : RHP Jim Kincaid
|
Batting: RHB Hieronim Rutkowski
|
0-0: Ball 1-0: Ball 2-0: Ball 3-0: Called Strike 3-1: Foul Ball, location: 2F 3-2: Strikes out swinging
|
Batting: LHB Luis Cruz
|
0-0: Called Strike 0-1: Foul Ball, location: 2F 0-2: Fly out, F8 (Flyball, 8RD, EV 85.6 MPH)
|
Batting: RHB Alex Velasquez
|
0-0: Ball 1-0: Called Strike 1-1: TRIPLE (Flyball, 89XD, EV 104.4 MPH)
|
Batting: RHB Luis Restrepo
|
0-0: Ball 1-0: Ball 2-0: Called Strike 2-1: Ball 3-1: DOUBLE (Flyball, 78XD, EV 91.9 MPH) Alex Velasquez scores
|
Batting: RHB Zheng-ze King
|
0-0: Called Strike 0-1: Ball 1-1: Called Strike 1-2: Strikes out swinging
|
Bottom of the 6th over - 1 run, 2 hits, 0 errors, 1 left on base; Springfield 3 - Mississippi 7 |
TOP OF THE 7TH |
Springfield Cardinals batting - Pitching for Mississippi Braves : RHP Carlos Esquivel
|
Batting: RHB Immel Kamuzu
|
0-0: Called Strike 0-1: Ball 1-1: Swinging Strike 1-2: Foul Ball, location: 2F 1-2: Strikes out swinging
|
Batting: RHB Austin Akers
|
0-0: Ball 1-0: SINGLE (Line Drive, 5L, EV 96.2 MPH)
|
Batting: RHB Fortunato Fteira
|
0-0: Ball Austin Akers steals 2nd base 1-0: SINGLE (Line Drive, 5D, EV 103.8 MPH) Austin Akers to third Runner from 3rd tries for Home, SAFE, throw by LF to home
|
Batting: SHB Josh Schultze
|
0-0: Ball 1-0: Ball 2-0: Called Strike 2-1: Ball 3-1: Foul Ball, location: 2F 3-2: Strikes out looking Fortunato Fteira is caught stealing 2nd base 2-6 Batter strikes out.
|
Top of the 7th over - 1 run, 2 hits, 0 errors, 0 left on base; Springfield 4 - Mississippi 7 |
BOTTOM OF THE 7TH |
Mississippi Braves batting - Pitching for Springfield Cardinals : RHP Jim Kincaid
|
Batting: LHB Art D'Ascenzo
|
0-0: Called Strike 0-1: Ball 1-1: Ball 2-1: Called Strike 2-2: Foul Ball, location: 2F 2-2: Foul Ball, location: 2F 2-2: SOLO HOME RUN (Line Drive, 89XD, EV 104.4 MPH), Distance : 421 ft
|
Batting: LHB Sal Fernandez
|
0-0: Called Strike 0-1: Ball 1-1: Swinging Strike 1-2: Foul Ball, location: 2F 1-2: Foul Ball, location: 2F 1-2: Strikes out swinging
|
Batting: RHB Justin Reich
|
0-0: Ball 1-0: Ball 2-0: Ball 3-0: Called Strike 3-1: Base on Balls
|
Pitching: RHP Kevon Jamison
|
|
Batting: SHB Jose Melendez
|
0-0: Foul Ball, location: 2F 0-1: Ball 1-1: Ball 2-1: SINGLE (Flyball, 9S, EV 87.5 MPH) Justin Reich to second Runner from 2nd tries for 3rd, SAFE, throw by RF made to third
|
Batting: RHB Hieronim Rutkowski
|
0-0: Called Strike 0-1: Grounds into double play, 4-6-3 (Groundball, 4, EV 80.0 MPH)
|
Bottom of the 7th over - 1 run, 2 hits, 0 errors, 1 left on base; Springfield 4 - Mississippi 8 |
TOP OF THE 8TH |
Springfield Cardinals batting - Pitching for Mississippi Braves : RHP Carlos Esquivel
|
Pitching: RHP Damian Molina
|
|
Batting: RHB Jeff Brower
|
0-0: Called Strike 0-1: Ball 1-1: Swinging Strike 1-2: Fly out, F8 (Flyball, 8RM, EV 86.2 MPH)
|
Batting: RHB Andres Mendiola
|
0-0: Ball 1-0: Ball 2-0: Foul Ball, location: 2F 2-1: Foul Ball, location: 2F 2-2: Ball 3-2: Base on Balls
|
Batting: RHB Tyler Walker
|
0-0: Ball 1-0: Foul Ball, location: 2F 1-1: Ball 2-1: Grounds into double play, 4-6-3 (Groundball, 4, EV 105.6 MPH)
|
Top of the 8th over - 0 runs, 0 hits, 0 errors, 0 left on base; Springfield 4 - Mississippi 8 |
BOTTOM OF THE 8TH |
Mississippi Braves batting - Pitching for Springfield Cardinals : RHP Kevon Jamison
|
Batting: LHB Luis Cruz
|
0-0: Swinging Strike 0-1: Swinging Strike 0-2: Ball 1-2: Ball 2-2: SINGLE (Groundball, 3D, EV 99.4 MPH)
|
Batting: RHB Alex Velasquez
|
0-0: Ball 1-0: Foul Ball, location: 2F 1-1: Called Strike 1-2: Fielders Choice at 2nd, 6-4 (Groundball, 6M, EV 93.1 MPH)
|
Batting: RHB Luis Restrepo
|
0-0: Fly out, F9 (Flyball, 9S, EV 88.1 MPH)
|
Batting: RHB Zheng-ze King
|
0-0: Foul Ball, location: 2F 0-1: Swinging Strike 0-2: Ball 1-2: Foul Ball, location: 2F 1-2: Strikes out swinging
|
Bottom of the 8th over - 0 runs, 1 hit, 0 errors, 1 left on base; Springfield 4 - Mississippi 8 |
TOP OF THE 9TH |
Springfield Cardinals batting - Pitching for Mississippi Braves : RHP Damian Molina
|
Pitching: RHP Nate Bixler
|
|
Batting: RHB Tommy Boudreaux
|
0-0: Ball 1-0: Swinging Strike 1-1: Fly out, F8 (Flyball, 78D, EV 87.5 MPH)
|
Batting: RHB Davey Beeson
|
0-0: Called Strike 0-1: Ball 1-1: Ball 2-1: Swinging Strike 2-2: Strikes out swinging
|
Batting: RHB Immel Kamuzu
|
0-0: Ball 1-0: Foul Ball, location: 2F 1-1: Ball 2-1: Called Strike 2-2: Ball 3-2: Base on Balls
|
Batting: RHB Austin Akers
|
0-0: Called Strike 0-1: Ball 1-1: Called Strike 1-2: Ball 2-2: Ball 3-2: Foul Ball, location: 2F 3-2: Foul Ball, location: 2F 3-2: Foul Ball, location: 2F 3-2: Foul Ball, location: 2F 3-2: Foul Ball, location: 2F 3-2: Strikes out swinging
|
Top of the 9th over - 0 runs, 0 hits, 0 errors, 1 left on base; Springfield 4 - Mississippi 8 |
|